 Dungeon Crawl Stone Soup version 0.29.0-11-gd7f09526c8 (webtiles) character file.

Game seed: 7573283693488976736

308 VictoriousLee the Insei (level 6, -1/38 HPs)
             Began as an Octopode Transmuter on Sept 4, 2022.
             Killed from afar by an orc wizard (7 damage)
             ... with a puff of flame
             ... on level 4 of the Dungeon.
             The game lasted 00:14:27 (3895 turns).

VictoriousLee the Insei (Octopode Transmuter)       Turns: 3895, Time: 00:14:27

Health: -1/38      AC:  1    Str: 10    XL:     6   Next: 40%
Magic:  9/9        EV: 13    Int: 17    God:
Gold:   272        SH:  0    Dex: 12    Spells: 5/9 levels left

rFire   . . .      SeeInvis .   t - +1 dagger (flame)
rCold   . . .      Faith    .   (no shield)
rNeg    . . .      Spirit   .   (helmet restricted)
rPois   .          Reflect  .   (no amulet)
rElec   .          Harm     .   (no ring)
rCorr   .          Rampage  .   (no ring)
Will    .....                   (no ring)
Stlth   ++........              (no ring)
HPRegen 0.12/turn               (no ring)
MPRegen 0.11/turn               (no ring)
                                (no ring)
                                (no ring)

@: no status effects
A: almost no armour, amphibious, 8 rings, camouflage 1, gelatinous body 1,
(nimble swimmer 1), tentacles
a: no special abilities


You were on level 4 of the Dungeon.
You visited 1 branch of the dungeon, and saw 4 of its levels.

You collected 272 gold pieces.

Inventory:

Hand Weapons
 d - a +0 dagger
 e - a +0 falchion
 t - a +1 dagger of flaming (weapon)
Missiles
 r - 10 poisoned darts
Jewellery
 g - an amulet of regeneration
 l - a +6 ring of dexterity
Scrolls
 b - a scroll of amnesia
 c - 2 scrolls of teleportation
 f - a scroll of blinking {unknown}
 h - a scroll of vulnerability {unknown}
 i - a scroll of enchant weapon {unknown}
 n - a scroll of enchant armour {unknown}
 o - 2 scrolls of identify
 s - a scroll of immolation {unknown}
Potions
 j - a potion of mutation {unknown}
 k - 2 potions of curing
 m - a potion of might {unknown}
 p - a potion of resistance {unknown}
 q - a potion of attraction {unknown}
 u - a potion of haste {unknown}
 v - a potion of brilliance {unknown}


   Skills:
 - Level 1.0 Fighting
 - Level 2.0 Dodging
 + Level 5.2 Unarmed Combat
 - Level 2.0 Spellcasting
 - Level 2.0 Transmutations
 * Level 4.3 Ice Magic


You had 5 spell levels left.
You knew the following spells:

 Your Spells              Type           Power      Damage    Failure   Level
a - Beastly Appendage     Tmut           16%        N/A       9%          1
b - Frozen Ramparts       Ice            32%        1d5       10%         3

Your spell library contained the following spells:

 Spells                   Type           Power      Damage    Failure   Level
 Ozocubu's Armour         Ice            16%        N/A       10%         3
 Wereblood                Tmut           8%         N/A       13%         2
 Spider Form              Tmut/Pois      5%         N/A       36%         3
 Ice Form                 Ice/Tmut       12%        N/A       45%         4
 Summon Ice Beast         Ice/Summ       9%         N/A       63%         4
 Ozocubu's Refrigeration  Ice            8%         4d9       100%        7


Dungeon Overview and Level Annotations

Branches:
Dungeon (4/15)
 Temple: D:4-7

Altars:
Hepliaklqana
The Shining One

Shops:
D:1 (   D:4 (


Innate Abilities, Weirdness & Mutations

You cannot wear most types of armour.
You are amphibious.
You can wear up to eight rings at the same time.
Your skin changes colour to match your surroundings (Stealth+).
Your rubbery body absorbs attacks. (AC +1, EV +1)
((You are camouflaged when in or above water. (Stealth+)))
You have tentacles for arms and can constrict up to eight enemies at once.


Message History

You hit the orc. You burn the orc.
You kill the orc!
You hit something but do no damage.
You hear some strange, mumbled words.
You are confused.
You barely miss something. Something hits you but does no damage.
You barely miss something. Something hits you but does no damage.
You barely miss something. Something hits you but does no damage.
You attack the rock wall.
You hear some strange, mumbled words.
You are more confused.
You completely miss something. Something hits you but does no damage.
You attack the rock wall.
Something hits you but does no damage.
You attack the rock wall.
Something hits you but does no damage.
You miss something. Something hits you.
* * * LOW HITPOINT WARNING * * *
You miss something. Something hits you but does no damage.
You attack the rock wall.
Something hits you but does no damage.
You attack the rock wall.
Your transformation is almost over.
You feel less confused. Something hits you but does no damage.
You hit something. You burn something. Something hits you but does no damage.
You hit something. You burn something. Something hits you but does no damage.
You miss something. Something hits you.
* * * LOW HITPOINT WARNING * * *
You hit something. You burn something. Something hits you but does no damage.
You closely miss something. Something hits you but does no damage.
You hit something. You burn something. Your punch misses something.
Something hits you but does no damage.
You miss something. Something hits you but does no damage.
You hit something. You burn something. Something hits you but does no damage.
You miss something.
You hear some strange, mumbled words.
Something tries to affect you, but you resist.
You miss something.
You feel less wooden.
You hear some strange, mumbled words.
A puff of flame appears from out of thin air!
The puff of flame hits you!
You die...

##♣.#...#.♣..##..
#.'.......'.###.. ##o♣♣♣♣'♣♣♣♣##
#.. ###...# #... #..
#...###.###.#####..# ######o###
#.###.......## ###......#
##.##........
##...##.)#####........##
##.....#..){@..........#
#.......########.......#
#...∩..)#####..........######
#.)...........##........<....
##÷....##...)........########
##...###..))#######.# #
##########÷...#J#l#J#.#
#..........##.#^^^^^#.. ####
#####.........##.#########....##


There were no monsters in sight!

Vanquished Creatures
  A scorpion (D:4)
  An orc priest (D:4)
  An iguana (D:3)
  7 adders
  A worm (D:2)
  A dart slug (D:1)
  13 orcs
  8 ball pythons
  7 endoplasms
  3 giant cockroaches
  5 goblins
  9 hobgoblins
  4 jackals (D:2)
  4 kobolds
  3 quokkas
  9 bats
  2 frilled lizards (D:2)
  3 rats (D:2)
82 creatures vanquished.

Vanquished Creatures (others)
  An orc wizard (D:4)
1 creature vanquished.

Grand Total: 83 creatures vanquished

Notes
Turn   | Place    | Note
-------+----------+-------------------------------------------
     0 | D:1      | VictoriousLee the Octopode Transmuter began the quest for
                  | the Orb.
     0 | D:1      | Reached XP level 1. HP: 13/13 MP: 3/3
    31 | D:1      | Found Hirel's Weapon Shop.
   104 | D:1      | Reached XP level 2. HP: 18/18 MP: 3/5
   352 | D:1      | Reached skill level 4 in Unarmed Combat
   373 | D:1      | Reached XP level 3. HP: 19/23 MP: 4/6
   386 | D:1      | Learned a level 3 spell: Frozen Ramparts
   773 | D:2      | Reached skill level 1 in Ice Magic
  1414 | D:2      | Reached XP level 4. HP: 28/28 MP: 5/7
  2237 | D:3      | Found a hazy altar of Hepliaklqana.
  2959 | D:3      | Reached XP level 5. HP: 25/33 MP: 8/8
  3467 | D:4      | Found Tenaett's Weapon Emporium.
  3597 | D:4      | Reached skill level 5 in Unarmed Combat
  3597 | D:4      | Reached XP level 6. HP: 28/38 MP: 7/9
  3822 | D:4      | Found a glowing golden altar of the Shining One.
  3895 | D:4      | Killed from afar by an orc wizard

Illustrated notes

Levels and vault maps discovered:
D:1:      dpeg_arrival_erosion, layout_rooms, serial_shops, shop
D:2:      layout_basic
D:3:      minmay_diamond_boxcup, layout_loops_ring,
          mainiacjoe_overflow_24_doors, eino_tiny_chamber
D:4:      layout_rooms, chei_slow_surprise, mainiacjoe_overflow_six_doors_small,
          serial_shops, nicolae_shop_bloodbath_and_beyond, grunt_ministairs_10,
          serial_park_tiny_2, grunt_tough_drop

Skill      XL: |  1  2  3  4  5  6 |
---------------+-------------------+-----
Unarmed Combat | 4 5 |  5.2
Ice Magic      | 1 2 3 4 |  4.3
Fighting       | |  1.0
Dodging        | |  2.0
Spellcasting   | |  2.0
Transmutations | |  2.0

Action                   |  1- 3 |  4- 6 || total
-------------------------+-------+-------++-------
Melee: Unarmed           |    88 |    36 ||   124
       Constrict         |    20 |    30 ||    50
       Kick              |    15 |    31 ||    46
       Punch             |     6 |     6 ||    12
       Tentacles         |     9 |    22 ||    31
       Dagger            |       |    77 ||    77
 Cast: Beastly Appendage |    22 |    27 ||    49
  Use: Scroll            |       |     3 ||     3
       Potion            |       |     2 ||     2
 Stab: Sleeping          |     3 |     5 ||     8
Armor: Skin              |    14 |    21 ||    35
Dodge: Dodged            |    57 |    43 ||   100
